 Dungeon Crawl Stone Soup version 0.28.0-62-gf88900778d (webtiles) character file.

Game seed: 11536248956104730504

3427 cbfl8 the Cleaver (level 10, -1/84 HPs)
             Began as a Hill Orc Fighter on Apr 30, 2023.
             Was a Follower of Beogh.
             Slain by a wight
             ... wielding a +0 trident
              (4 damage)
             ... on level 7 of the Dungeon on May 1, 2023.
             The game lasted 00:07:58 (7949 turns).

cbfl8 the Cleaver (Hill Orc Fighter)                Turns: 7949, Time: 00:07:59

Health: -1/84      AC: 10    Str: 20    XL:     10   Next: 5%
Magic:  15/15      EV: 10    Int:  8    God:    Beogh [*.....]
Gold:   305        SH: 10    Dex: 14    Spells: 9/9 levels left

rFire   . . .      SeeInvis .   k - +1 hand axe (venom)
rCold   . . .      Faith    .   c - +0 buckler
rNeg    + . .      Spirit   .   b - +0 scale mail
rPois   .          Reflect  +   (no helmet)
rElec   .          Harm     .   (no cloak)
rCorr   .          Rampage  .   p - +0 pair of gloves
Will    .....                   u - +0 pair of boots
Stlth   ..........              j - amulet of reflection
HPRegen 0.24/turn               f - ring of positive energy
MPRegen 0.14/turn               (no ring)

@: weak-willed, hasted, invisible, very quick
A: mutation resistance 1
a: Renounce Religion


You were on level 7 of the Dungeon.
You worshipped Beogh.
Beogh was aware of your devotion.
You visited 1 branch of the dungeon, and saw 7 of its levels.

You collected 333 gold pieces.
You spent 28 gold pieces at shops.

Inventory:

Hand Weapons
 a - a +0 war axe
 k - a +1 hand axe of venom (weapon)
Armour
 b - a +0 scale mail (worn)
 c - a +0 buckler (worn)
 p - a +0 pair of gloves (worn)
 u - a +0 pair of boots (worn)
Jewellery
 f - a ring of positive energy (left hand)
 j - an amulet of reflection (around neck)
Wands
 m - a wand of polymorph (7)
 r - a wand of digging (5)
 v - a wand of mindburst (12)
 w - a wand of acid (4)
Scrolls
 e - a scroll of fear
 i - a scroll of vulnerability
 t - a scroll of immolation {unknown}
Potions
 d - a potion of berserk rage {unknown}
 h - a potion of invisibility
 l - a potion of haste
 o - a potion of flight {unknown}


   Skills:
 + Level 6.3 Fighting
 + Level 10.2 Axes
 + Level 6.8 Armour
 + Level 1.9 Dodging
 + Level 0.9 Stealth
 + Level 6.0 Shields
 * Level 6.8 Invocations
 * Level 5.2 Evocations


You had 9 spell levels left.
You didn't know any spells.
Your spell library contained the following spells:

 Spells                   Type           Power      Damage    Failure   Level
 Beastly Appendage        Tmut           0%         N/A       82%         1
 Sandblast                Erth           0%         2d4       82%         1
 Summon Small Mammal      Summ           0%         N/A       82%         1
 Passwall                 Tmut/Erth      0%         N/A       91%         2
 Wereblood                Tmut           0%         N/A       91%         2
 Call Canine Familiar     Summ           0%         N/A       99%         3
 Dazzling Flash           Conj/Hex       0%         N/A       99%         3
 Spider Form              Tmut/Pois      0%         N/A       99%         3
 Stone Arrow              Conj/Erth      0%         3d7       99%         3
 Summon Guardian Golem    Hex/Summ       0%         N/A       99%         3
 Animate Armour           Summ/Erth      0%         N/A       100%        4
 Iskenderun's Mystic Bla  Conj/Tloc      0%         2d3       100%        4
 Blade Hands              Tmut           0%         N/A       100%        5
 Iron Shot                Conj/Erth      0%         9d1       100%        6
 Starburst                Conj/Fire      0%         6d3       100%        6


Dungeon Overview and Level Annotations

Branches:
Dungeon (7/15)             Temple (0/1) D:6

Altars:
Dithmenos
Ru

Shops:
D:3 *

Annotations:
D:4 Pikel
D:5 2 transporters


Innate Abilities, Weirdness & Mutations

You are somewhat resistant to further mutation.


Message History

You hit the wight. You block the wight's attack. The jelly closely misses you.
Unknown command.
You hit the jelly.
Your hands burn!
* * * LOW HITPOINT WARNING * * *
The jelly is heavily wounded.
You hit the wight but do no damage. You block the wight's attack.
The jelly barely misses you.
You slash the jelly!
Your hands burn!
* * * LOW HITPOINT WARNING * * *
The jelly is severely wounded.
You hit the wight. You block the wight's attack.
You hit the jelly.
The jelly is poisoned.
Your hands burn!
* * * LOW HITPOINT WARNING * * *
The jelly is almost dead.
You barely miss the wight. The jelly hits you but does no damage.
You hit the jelly.
You kill the jelly!
Beogh accepts your kill.
You hit the wight but do no damage. The wight hits you with a +0 trident.
* * * LOW HITPOINT WARNING * * *
You slash the centaur zombie!
The centaur zombie is moderately damaged.
You hit the wight but do no damage. The centaur zombie hits you.
* * * LOW HITPOINT WARNING * * *
The centaur zombie kicks you but does no damage.
The wight barely misses you.
It was a potion of invisibility.
You fade into invisibility!
The centaur zombie closely misses you. You block the centaur zombie's attack.
The wight barely misses you. You block the centaur zombie's attack.
The centaur zombie kicks you but does no damage.
It was a potion of haste.
You feel yourself speed up. The wight hits you but does no damage.
The centaur zombie hits you but does no damage.
The centaur zombie kicks you but does no damage.
It was a potion of mutation.
You feel extremely strange.
You feel genetically stable. You block the centaur zombie's attack.
The centaur zombie closely misses you. The wight hits you with a +0 trident.
You die...

## ####
#$?##
##§§##....#
#§§..)....#
#.§..##..##
####§)## '..
##..#§## ? .
#.#
#...z##....
#..
#..@Z'....(.
#.#
##..##...8..
##'##......
##
##..##.....
#.
#....##??$#
###
#....'#####
#.#
##.)##..##
#.#
####....+
#.# #....#
####.#


You could see a wight (weak-willed) and a centaur zombie.

Vanquished Creatures
  Grinder (D:6)
  Sigmund (D:4)
  Eustachio (D:6)
  A water moccasin (D:7)
  2 black bears
  2 necrophages
  4 ogres
  A phantom (D:6)
  2 centaurs (D:7)
  A lemure (D:5)
  2 kobold brigands
  A water moccasin zombie (D:6)
  A bullfrog (D:6)
  4 scorpions
  A water moccasin skeleton (D:5)
  8 killer bees
  4 howler monkeys
  A jelly (D:7)
  A bullfrog zombie (D:5)
  A centaur skeleton (D:6)
  6 hounds
  3 orc priests (D:7)
  A bullfrog skeleton (D:6)
  3 iguanas
  6 orc wizards
  A scorpion zombie (D:5)
  A hound skeleton (D:4)
  A howler monkey zombie (D:7)
  6 gnolls (D:5)
  5 adders
  A white imp (D:7)
  An ufetubus (D:7)
  3 dart slugs
  12 orcs
  2 endoplasms
  4 giant cockroaches
  6 hobgoblins
  11 jackals
  4 quokkas
  A ball python (D:1)
  2 frilled lizards
  3 goblins
  14 kobolds
  2 rats
139 creatures vanquished.

Vanquished Creatures (others)
  A howler monkey (D:7)
  An orc (D:7)
2 creatures vanquished.

Grand Total: 141 creatures vanquished

Notes
Turn   | Place    | Note
-------+----------+-------------------------------------------
     0 | D:1      | cbfl8 the Hill Orc Fighter began the quest for the Orb.
     0 | D:1      | Reached XP level 1. HP: 19/19 MP: 1/1
    66 | D:1      | You fall into a shaft and drop 1 floor!
   117 | D:2      | Noticed an iguana
   125 | D:1      | Reached skill level 3 in Axes
   375 | D:1      | Reached XP level 2. HP: 17/27 MP: 2/2
  1182 | D:2      | Reached XP level 3. HP: 33/33 MP: 3/3
  1239 | D:2      | Reached skill level 1 in Invocations
  1239 | D:2      | Reached skill level 1 in Evocations
  1467 | D:3      | Found Culitag's General Store.
  1480 | D:3      | Reached XP level 4. HP: 32/40 MP: 3/5
  1634 | D:3      | Bought a scroll of identify for 28 gold pieces
  1764 | D:3      | Found a faded altar of an unknown god.
  1804 | D:3      | Reached XP level 5. HP: 40/47 MP: 6/6
  1983 | D:3      | Found a sacrificial altar of Ru.
  2253 | D:4      | Noticed an ogre
  2261 | D:4      | Killed an ogre
  2262 | D:4      | Reached skill level 4 in Axes
  2262 | D:4      | Reached XP level 6. HP: 55/55 MP: 7/7
  2324 | D:4      | Noticed Sigmund
  2324 | D:4      | Noticed a black bear
  2331 | D:4      | Killed a black bear
  2332 | D:4      | Reached skill level 5 in Fighting
  2332 | D:4      | Reached skill level 5 in Axes
  2334 | D:4      | Killed Sigmund
  2335 | D:4      | Reached XP level 7. HP: 45/61 MP: 7/9
  2552 | D:4      | Reached skill level 6 in Axes
  2801 | D:4      | Noticed Pikel
  2811 | D:5      | Entered Level 5 of the Dungeon
  2811 | D:5      | Found a transporter.
  2891 | D:5      | Found a transporter.
  3300 | D:5      | Reached skill level 1 in Dodging
  3821 | D:5      | Reached XP level 8. HP: 36/68 MP: 10/10
  3993 | D:5      | Reached skill level 7 in Axes
  4850 | D:5      | Reached skill level 5 in Armour
  5204 | D:6      | Found a staircase to the Ecumenical Temple.
  5211 | D:6      | Noticed Eustachio
  5235 | D:6      | Killed Eustachio
  5236 | D:6      | Reached skill level 5 in Shields
  5238 | D:6      | Reached skill level 8 in Axes
  5549 | D:6      | Found a shadowy altar of Dithmenos.
  5658 | D:6      | Reached skill level 5 in Invocations
  5658 | D:6      | Reached XP level 9. HP: 46/75 MP: 12/12
  6091 | D:6      | Noticed Grinder
  6102 | D:6      | Killed Grinder
  6210 | D:6      | Identified the +0 robe of Fortitude {rPois}
  6251 | D:6      | Reached skill level 9 in Axes
  6761 | D:7      | Became a worshipper of Beogh the Brigand
  7471 | D:7      | Reached skill level 5 in Evocations
  7832 | D:7      | Reached skill level 10 in Axes
  7915 | D:7      | Reached * piety under Beogh
  7921 | D:7      | Reached XP level 10. HP: 17/81 MP: 13/15
  7946 | D:7      | HP: 3/84 [centaur zombie (4)]
  7949 | D:7      | Gained mutation: You are somewhat resistant to further
                  | mutation. [potion of mutation]
  7949 | D:7      | Slain by a wight

Illustrated notes

Levels and vault maps discovered:
D:1:      minmay_arrival_diagonal_passages, layout_rooms, hangedman_glass_teeth,
          hex_large, minmay_misc_feat_columns, st_stairs_6
D:2:      layout_rooms, serial_corexii_hall, corexii_hall_statues_s,
          chequers_hall_statues_wall_a
D:3:      layout_rooms, nicolae_ru_great_annihilating_truth,
          chequers_ecumenical_altar_island, serial_shops,
          nicolae_shop_statue_plus
D:4:      layout_basic, uniq_sigmund, uniq_pikel
D:5:      gammafunk_wand_slinger, layout_basic, fountainhead,
          corexii_hall_statues_s, minmay_tree_intersection
D:6:      layout_basic, nicolae_dithmenos_the_darkroom,
          minmay_temple_entry_statues_pillars, uniq_eustachio, uniq_grinder
D:7:      minmay_bubble_buster, layout_loops_ring, zin_statuary

Skill      XL: |  1  2  3  4  5  6  7  8  9 10 |
---------------+-------------------------------+-----
Axes           | 3 4 5 6 8 10 | 10.2
Fighting       | 4 5 6 |  6.3
Invocations    | 1 2 3 5 6 |  6.8
Evocations     | 1 2 3 5 |  5.2
Shields        | 4 5 6 |  6.0
Armour         | 4 5 6 |  6.8
Dodging        | 1 |  1.9
Stealth        | |  0.9

Action                   |  1- 3 |  4- 6 |  7- 9 | 10-12 || total
-------------------------+-------+-------+-------+-------++-------
Melee: War axe           |    38 |       |       |       ||    38
       Hand axe          |    26 |    62 |   380 |    14 ||   482
Invok: Convert to Beogh  |       |       |     1 |       ||     1
  Use: Scroll            |       |     2 |     1 |     3 ||     6
       Potion            |       |     1 |     1 |     5 ||     7
Armor: Scale mail        |    17 |    28 |   124 |    22 ||   191
Dodge: Dodged            |    23 |    18 |   132 |    18 ||   191
Block: Buckler           |    23 |    28 |   191 |    23 ||   265
       Reflection        |       |       |     2 |     1 ||     3
